 Dungeon Crawl Stone Soup version 0.21.1-1-g345015f (webtiles) character file.

1275 iamserjio the Ducker (level 8, -5/57 HPs)
             Began as an Octopode Monk on Apr 6, 2018.
             Was a Believer of Dithmenos.
             Slain by Pikel
             ... wielding a +1 whip of electrocution
              (10 damage)
             ... on level 5 of the Dungeon.
             The game lasted 00:15:40 (4502 turns).

iamserjio the Ducker (Octopode Monk)                Turns: 4502, Time: 00:15:40

Health: -5/57      AC:  1    Str: 10    XL:     8   Next: 53%
Magic:  9/9        EV: 18    Int: 13    God:    Dithmenos [**....]
Gold:   50         SH:  0    Dex: 16    Spells: 7/7 levels left

rFire    . . .     SeeInvis .   t - +1 dagger (venom)
rCold    . . .     Gourm    .   (no shield)
rNeg     . . .     Faith    .   (helmet restricted)
rPois    .         Spirit   .   (no amulet)
rElec    .         Reflect  .   (no ring)
rCorr    .         Harm     .   (no ring)
MR       .....                  (no ring)
Stlth    ++++++....             (no ring)
HPRegen  0.19/turn              (no ring)
MPRegen  0.11/turn              (no ring)
                                (no ring)
                                (no ring)

@: hasted, wreathed by umbra, very quick
A: almost no armour, stealthy swim, amphibious, 8 rings, constrict 8, camouflage
1, gelatinous body 1
a: Shadow Step, Renounce Religion


You were on level 5 of the Dungeon.
You worshipped Dithmenos.
Dithmenos was pleased with you.
You were not hungry.

You visited 2 branches of the dungeon, and saw 7 of its levels.
You also visited: Ossuary.

You collected 290 gold pieces.
You spent 240 gold pieces at shops.

Inventory:

Hand Weapons
 a - a +0 short sword
 t - a +1 dagger of venom (weapon)
 u - a +0 mace
 v - a +1 dagger of pain
 x - a cursed -1 whip
 D - a +0 short sword of protection
 E - a +3 scythe of venom
Jewellery
 d - an uncursed ring of protection from magic {unknown}
 g - an uncursed ring of protection from fire {unknown}
 C - an uncursed ring of protection from fire {unknown}
Wands
 m - a wand of acid (4)
 y - a wand of polymorph (11)
 z - a wand of flame (23)
Scrolls
 c - a scroll of magic mapping {unknown}
 f - a scroll of fog {unknown}
 k - 3 scrolls of teleportation {unknown}
 o - 4 scrolls of identify {unknown}
 r - 2 scrolls of remove curse {unknown}
 A - a scroll of immolation {unknown}
 G - a scroll of random uselessness {unknown}
Potions
 e - a potion of brilliance {unknown}
 h - 2 potions of degeneration {unknown}
 l - a potion of haste
 n - a potion of mutation {unknown}
 p - a potion of resistance {unknown}
 q - 2 potions of might {unknown}
 s - a potion of invisibility {unknown}
 w - a potion of lignification {unknown}
 B - 2 potions of agility {unknown}
Books
 j - a book of Minor Magic

   Spells                             Type                      Level
   a - Magic Dart                     Conjuration                  1
   b - Blink                          Translocation                2
   c - Call Imp                       Summoning                    2
   d - Slow                           Hexes                        2
   e - Conjure Flame                  Conjuration/Fire             3
   f - Mephitic Cloud                 Conjuration/Poison/Air       3
 H - a book of Changes

   Spells                             Type                      Level
   a - Beastly Appendage              Transmutation                1
   b - Sticks to Snakes               Transmutation                2
   c - Spider Form                    Transmutation/Poison         3
   d - Ice Form                       Ice/Transmutation            4
   e - Blade Hands                    Transmutation                5
Comestibles
 b - 7 rations
 F - a chunk of flesh


   Skills:
 + Level 5.8 Fighting
 - Level 3.2 Short Blades
 * Level 7.5 Dodging
 - Level 7.1 Stealth
 + Level 2.1 Invocations


You had 7 spell levels left.
You didn't know any spells.

Dungeon Overview and Level Annotations

Branches:
Dungeon (6/15)             Temple (1/1) D:5

Altars:
Ashenzari
Cheibriados
Dithmenos
Elyvilon
Fedhas
Gozag
Hepliaklqana
Kikubaaqudgha
Nemelex Xobeh
Okawaru
Ru
Sif Muna
Trog
Uskayaw
Wu Jian
Zin
The Shining One
Lugonu

Shops:
D:5 *

Annotations:
D:5 Pikel


Innate Abilities, Weirdness & Mutations

You cannot wear most types of armour.
You are very stealthy in the water. (Stealth+)
You are amphibious.
You can wear up to eight rings at the same time.
You can use your tentacles to constrict eight enemies at once.
Your skin changes colour to match your surroundings (Stealth+).
Your rubbery body absorbs attacks. (AC +1, EV +1)


Message History

You hit Pikel but do no damage. You squeeze Pikel, but do no damage.
Pikel is moderately wounded.
You constrict Pikel, but do no damage.
Pikel hits you with a whip of electrocution.
You are electrocuted!
* * * LOW HITPOINT WARNING * * *
You feel better.
You constrict Pikel. Pikel closely misses you.
Pikel hits you with a whip of electrocution.
You are electrocuted!
* * * LOW HITPOINT WARNING * * *
You release your grip on Pikel.
Pikel smiles. "I have the most extravagant aquarium just for exotic specimens like you!
Won't you join me?"
Pikel hits you with a whip of electrocution.
* * * LOW HITPOINT WARNING * * *
Wield which item (- for none, * to show all)? (? for menu, Esc to quit)
Okay, then.
Okay, then.
You feel yourself speed up. Pikel closely misses you.
Pikel hits you with a whip of electrocution!
You die...

########## #
#########.....@K.#
##
###.............##.#
##.
....#######.###.##.#
######.. #...#
##K###.##[# #.......
##### #......##.#
#.####.. #..._.....#
#.. #....._..##
####.. #.........###
#..... #._..⌠......#
## .#.....


You could see Pikel.

Vanquished Creatures
  Sigmund (D:6)
  4 slaves (D:5)
  2 phantoms (D:5)
  An ogre (D:4)
  2 elf zombies (Ossuary)
  2 scorpions (D:5)
  2 centaur zombies (Ossuary)
  An iron imp (D:5)
  3 orc priests
  A hound (D:4)
  2 bullfrog skeletons
  6 orc wizards
  A hound skeleton (D:5)
  3 mummies (Ossuary)
  4 gnolls (D:5)
  3 adders
  An adder zombie (Ossuary)
  4 dart slugs
  4 leopard geckos
  6 orcs
  2 ball pythons (D:1)
  2 giant cockroaches (D:1)
  2 hobgoblins (D:1)
  4 jackals (D:5)
  4 quokkas
  2 bats
  5 frilled lizards
  A gnoll zombie (Ossuary)
  4 goblins
  4 goblin zombies (Ossuary)
  5 hobgoblin zombies (Ossuary)
  2 jackal zombies (Ossuary)
  2 kobolds (D:2)
  4 kobold zombies (Ossuary)
  2 leopard gecko skeletons
  An orc zombie (Ossuary)
  3 quokka zombies (Ossuary)
  2 rats (D:2)
  3 rat zombies (Ossuary)
107 creatures vanquished.

Notes
Turn   | Place    | Note
-------+----------+-------------------------------------------
     0 | D:1      | iamserjio the Octopode Monk began the quest for the Orb.
     0 | D:1      | Reached XP level 1. HP: 16/16 MP: 1/1
   423 | D:1      | Reached XP level 2. HP: 21/21 MP: 2/2
  1204 | D:2      | Reached XP level 3. HP: 26/26 MP: 3/3
  1547 | D:2      | Found a glowing silver altar of Zin.
  1658 | D:4      | Found a sparkling altar of Nemelex Xobeh.
  1740 | D:4      | Found a sacrificial altar of Ru.
  1754 | D:4      | Noticed an ogre
  1759 | D:4      | Killed an ogre
  1759 | D:4      | Reached XP level 4. HP: 26/33 MP: 4/4
  1759 | D:4      | Reached XP level 5. HP: 29/37 MP: 5/5
  1861 | D:4      | Found a glowing golden altar of the Shining One.
  1891 | D:4      | Reached XP level 6. HP: 37/43 MP: 6/6
  1908 | D:4      | Found a sand-covered staircase.
  1929 | D:4      | Reached skill level 5 in Dodging
  1929 | D:4      | Reached skill level 5 in Stealth
  1956 | Ossuary  | Entered an ossuary
  2570 | Ossuary  | Reached XP level 7. HP: 33/49 MP: 7/7
  2712 | D:4      | Found a shattered altar of Ashenzari.
  3077 | D:5      | Entered Level 5 of the Dungeon
  3101 | D:5      | Found a snail-covered altar of Cheibriados.
  3264 | D:5      | Found Usialer's Assorted Antiques.
  3270 | D:5      | Reached skill level 5 in Fighting
  3279 | D:5      | Bought an ivory wand for 96 gold pieces
  3279 | D:5      | Bought an iron wand for 96 gold pieces
  3279 | D:5      | Bought a scroll labeled QOFAKK EPHIS for 24 gold pieces
  3279 | D:5      | Bought a scroll labeled NYVESM MYSTRA for 24 gold pieces
  3696 | D:5      | Found a staircase to the Ecumenical Temple.
  3706 | D:5      | Reached XP level 8. HP: 55/55 MP: 8/8
  3717 | Temple   | Entered the Ecumenical Temple
  3757 | Temple   | Became a worshipper of Dithmenos the Shadowed
  3757 | Temple   | Reached * piety under Dithmenos
  3757 | Temple   | Reached ** piety under Dithmenos
  3876 | D:6      | Noticed Sigmund
  3881 | D:6      | Killed Sigmund
  3881 | D:6      | Reached skill level 1 in Invocations
  4274 | D:5      | Found an ancient bone altar of Kikubaaqudgha.
  4275 | D:5      | Found a blossoming altar of Fedhas.
  4380 | D:5      | Found an ornate altar of the Wu Jian Council.
  4381 | D:5      | Found a hide-covered altar of Uskayaw.
  4384 | D:5      | Found a white marble altar of Elyvilon.
  4394 | D:5      | Noticed Pikel
  4502 | D:5      | Slain by Pikel

Skill      XL: |  1  2  3  4  5  6  7  8 |
---------------+-------------------------+-----
Stealth        | 3 4 5 6 7 |  7.1
Dodging        | 4 5 6 7 |  7.5
Fighting       | 4 5 |  5.8
Invocations    | 2 |  2.1
Short Blades   | |  3.2

Action                   |  1- 3 |  4- 6 |  7- 9 || total
-------------------------+-------+-------+-------++-------
Melee: Short sword       |    61 |   123 |    24 ||   208
       Tentacles         |    10 |    30 |    40 ||    80
       Constrict         |    10 |    27 |    28 ||    65
       Dagger            |       |       |   123 ||   123
Evoke: Wand              |       |       |     2 ||     2
  Use: Potion            |       |     1 |     3 ||     4
 Stab: Sleeping          |    14 |    11 |     7 ||    32
  Eat: Chunk             |     3 |     1 |     7 ||    11
Armor: Skin              |     1 |     6 |     1 ||     8
Dodge: Dodged            |    33 |    87 |    98 ||   218
